PCL
CALGARY COWBOYS @ SPOKANE TRAPPERS
09/15/2030
 
TOP OF THE 1ST
Calgary Cowboys batting - Pitching for Spokane Trappers : RHP Honorato Mota
Pitching: RHP Honorato Mota
Batting: RHB César Rodríguez 0-0: Called Strike
0-1: Ball
1-1: Called Strike
1-2: DOUBLE (Line Drive, 7LM)
Batting: RHB Johnny Hawson 0-0: Ball
Wild Pitch!
César Rodríguez to third
1-0: Called Strike
1-1: Foul Ball, location: 2F
1-2: Fly out, F7 (Flyball, 7S)
Runner from 3rd tags up, SCORES, throw made
Batting: LHB José López 0-0: SOLO HOME RUN (Flyball, 9D), Distance : 387 ft
Batting: RHB Joe Lewis 0-0: Ball
1-0: Ball
2-0: Ball
3-0: Base on Balls
Batting: LHB Del Kennedy 0-0: Ball
1-0: Called Strike
1-1: Swinging Strike
1-2: Ball
2-2: Foul Ball, location: 2F
2-2: Foul Ball, location: 2F
2-2: Strikes out looking
Batting: RHB Todd Bryant 0-0: Foul Ball, location: 2F
0-1: Swinging Strike
0-2: Ball
Error on foul ball, E5
1-2: Strikes out swinging
Top of the 1st over - 2 runs, 2 hits, 1 error, 1 left on base; Calgary 2 - Spokane 0
BOTTOM OF THE 1ST
Spokane Trappers batting - Pitching for Calgary Cowboys : RHP José Fernández
Pitching: RHP José Fernández
Batting: RHB Carlos García 0-0: Foul Ball, location: 2F
0-1: Swinging Strike
0-2: Strikes out swinging
Batting: RHB Alberto Velásquez 0-0: Called Strike
0-1: Ball
1-1: Swinging Strike
1-2: Ball
2-2: Fly out, F8 (Line Drive, 8RD)
Batting: LHB Lorenzo Flores 0-0: Ball
1-0: Foul Ball, location: 2F
1-1: SOLO HOME RUN (Flyball, 9LD), Distance : 365 ft
Batting: SHB Chris Bennis 0-0: Ball
1-0: Called Strike
1-1: Ball
2-1: Ball
3-1: Base on Balls
Batting: RHB Danny Crouch 0-0: Swinging Strike
0-1: Fly out, F2 (Popup, 23F)
Bottom of the 1st over - 1 run, 1 hit, 0 errors, 1 left on base; Calgary 2 - Spokane 1
TOP OF THE 2ND
Calgary Cowboys batting - Pitching for Spokane Trappers : RHP Honorato Mota
Batting: RHB Ismael Ortíz 0-0: Ground out 3-1 (Groundball, 34S)
Batting: RHB Pedro Cabrera 0-0: Called Strike
0-1: Ball
1-1: Ball
2-1: Fly out, F8 (Flyball, 8RD)
Batting: RHB Travis Colbert 0-0: Ball
1-0: Foul Ball, location: 2F
1-1: Ball
2-1: Foul Ball, location: 2F
2-2: Fly out, F3 (Line Drive, 3)
Top of the 2nd over - 0 runs, 0 hits, 0 errors, 0 left on base; Calgary 2 - Spokane 1
BOTTOM OF THE 2ND
Spokane Trappers batting - Pitching for Calgary Cowboys : RHP José Fernández
Batting: LHB Harry Pitts 0-0: Ball
1-0: Ball
2-0: Foul Ball, location: 2F
2-1: Ball
3-1: DOUBLE (Line Drive, 7LM)
Batting: LHB Tommy Evans 0-0: Foul Ball, location: 2F
0-1: Ball
1-1: Ball
2-1: Ball
3-1: Foul Ball, location: 2F
3-2: Strikes out swinging
Batting: RHB Mario Carranza 0-0: Ball
1-0: Ball
2-0: Foul Ball, location: 2F
2-1: Foul Ball, location: 2F
2-2: Ground out 4-3 (Groundball, 4)
Harry Pitts to third
Batting: RHB Juan Velásquez 0-0: Ball
1-0: Ball
2-0: Ball
3-0: Called Strike
3-1: Swinging Strike
3-2: Foul Ball, location: 2F
3-2: Base on Balls
Batting: RHB Carlos García 0-0: Called Strike
0-1: Swinging Strike
0-2: Foul Ball, location: 2F
0-2: Foul Ball, location: 2F
0-2: Foul Ball, location: 2F
0-2: Ball
1-2: Ball
2-2: SINGLE (Groundball, 4MD)
Harry Pitts scores
Juan Velásquez to second
Runner from 2nd tries for 3rd, SAFE, no throw
Batting: RHB Alberto Velásquez 0-0: Called Strike
0-1: Ball
1-1: Ball
2-1: Ground out 4-3 (Groundball, 4)
Bottom of the 2nd over - 1 run, 2 hits, 0 errors, 2 left on base; Calgary 2 - Spokane 2
TOP OF THE 3RD
Calgary Cowboys batting - Pitching for Spokane Trappers : RHP Honorato Mota
Batting: RHB César Rodríguez 0-0: Called Strike
0-1: Swinging Strike
0-2: Ball
1-2: Ball
2-2: Ball
3-2: Ground out 6-3 (Groundball, 6)
Batting: RHB Johnny Hawson 0-0: Ball
1-0: Called Strike
1-1: Called Strike
1-2: Ball
2-2: Foul Ball, location: 2F
2-2: Foul Ball, location: 2F
2-2: Strikes out swinging
Batting: LHB José López 0-0: Ball
1-0: Called Strike
1-1: Foul Ball, location: 2F
1-2: Ball
2-2: Ball
3-2: Fly out, F3 (Line Drive, 3S)
Top of the 3rd over - 0 runs, 0 hits, 0 errors, 0 left on base; Calgary 2 - Spokane 2
BOTTOM OF THE 3RD
Spokane Trappers batting - Pitching for Calgary Cowboys : RHP José Fernández
Batting: LHB Lorenzo Flores 0-0: Ball
1-0: Ground out 4-3 (Groundball, 4)
Batting: SHB Chris Bennis 0-0: Ball
1-0: Ball
2-0: Ball
3-0: Base on Balls
Batting: RHB Danny Crouch 0-0: Ball
1-0: Called Strike
1-1: Ball
2-1: Called Strike
2-2: Ball
3-2: Foul Ball, location: 2F
3-2: Foul Ball, location: 2F
3-2: Foul Ball, location: 2F
3-2: Foul Ball, location: 2F
3-2: Strikes out looking
Batting: LHB Harry Pitts 0-0: Called Strike
0-1: Called Strike
0-2: Strikes out looking
Bottom of the 3rd over - 0 runs, 0 hits, 0 errors, 1 left on base; Calgary 2 - Spokane 2
TOP OF THE 4TH
Calgary Cowboys batting - Pitching for Spokane Trappers : RHP Honorato Mota
Batting: RHB Joe Lewis 0-0: Swinging Strike
0-1: Called Strike
0-2: Ball
1-2: Strikes out swinging
Batting: LHB Del Kennedy 0-0: Foul Ball, location: 2F
0-1: Foul Ball, location: 2F
0-2: Strikes out swinging
Batting: RHB Todd Bryant 0-0: Called Strike
0-1: Ball
1-1: Ball
2-1: Ball
3-1: SINGLE (Flyball, 78S)
Batting: RHB Ismael Ortíz 0-0: Foul Ball, location: 2F
0-1: Ball
1-1: Ball
2-1: Swinging Strike
2-2: Foul Ball, location: 2F
2-2: Strikes out swinging
Top of the 4th over - 0 runs, 1 hit, 0 errors, 1 left on base; Calgary 2 - Spokane 2
BOTTOM OF THE 4TH
Spokane Trappers batting - Pitching for Calgary Cowboys : RHP José Fernández
Batting: LHB Tommy Evans 0-0: Ball
1-0: Foul Ball, location: 2F
1-1: SOLO HOME RUN (Flyball, 8LD), Distance : 424 ft
Batting: RHB Mario Carranza 0-0: Foul Ball, location: 2F
0-1: Ball
1-1: Foul Ball, location: 2F
1-2: Ground out 5-3 (Groundball, 5S)
Batting: RHB Juan Velásquez 0-0: Ball
1-0: Ball
2-0: Ball
3-0: Base on Balls
Batting: RHB Carlos García 0-0: Called Strike
0-1: Ground out 5-3 (Groundball, 5S)
Juan Velásquez to second
Batting: RHB Alberto Velásquez 0-0: Swinging Strike
0-1: Ball
1-1: Ground out 5-3 (Groundball, 56S)
Bottom of the 4th over - 1 run, 1 hit, 0 errors, 1 left on base; Calgary 2 - Spokane 3
TOP OF THE 5TH
Calgary Cowboys batting - Pitching for Spokane Trappers : RHP Honorato Mota
Batting: RHB Pedro Cabrera 0-0: Ball
1-0: Foul Ball, location: 2F
1-1: Ball
2-1: Fly out, F8 (Flyball, 8RS)
Batting: RHB Travis Colbert 0-0: Ball
1-0: Called Strike
1-1: SINGLE (Groundball, 34D)
Batting: RHB César Rodríguez 0-0: Ball
1-0: Hit by Pitch
Travis Colbert to second
Batting: RHB Johnny Hawson 0-0: Foul Ball, location: 2F
0-1: SINGLE (Line Drive, 34)
Travis Colbert to third
César Rodríguez to second
Runner from 3rd tries for Home, SAFE, no throw
Batting: LHB José López 0-0: Foul Ball, location: 2F
0-1: SINGLE (Flyball, 78S)
César Rodríguez to third
Johnny Hawson to second
Batting: RHB Joe Lewis 0-0: Called Strike
0-1: Foul Ball, location: 2F
0-2: Fly out, F8 (Flyball, 8RD)
Runner from 3rd tags up, SCORES, throw made
Batting: LHB Del Kennedy 0-0: Ball
1-0: Swinging Strike
1-1: Ball
2-1: Ground out 4-3 (Groundball, 34D)
Top of the 5th over - 2 runs, 3 hits, 0 errors, 2 left on base; Calgary 4 - Spokane 3
BOTTOM OF THE 5TH
Spokane Trappers batting - Pitching for Calgary Cowboys : RHP José Fernández
Batting: LHB Lorenzo Flores 0-0: Ball
1-0: Ball
2-0: Foul Ball, location: 2F
2-1: Ball
3-1: Base on Balls
Pitching: RHP Mitsunari Jouda
Batting: SHB Chris Bennis 0-0: Swinging Strike
0-1: Swinging Strike
0-2: Strikes out swinging
Batting: RHB Danny Crouch 0-0: SINGLE (Flyball, 89S)
Lorenzo Flores to second
Batting: LHB Harry Pitts 0-0: Ball
1-0: Ball
2-0: Foul Ball, location: 2F
2-1: Ball
3-1: Base on Balls
Lorenzo Flores to third
Danny Crouch to second
Batting: LHB Tommy Evans 0-0: Called Strike
0-1: Fly out, F8 (Flyball, 8LXD)
Runner from 3rd tags up, SCORES, no throw
Batting: RHB Mario Carranza 0-0: Ball
1-0: Ball
2-0: Called Strike
2-1: Foul Ball, location: 2F
2-2: Ball
3-2: Foul Ball, location: 2F
3-2: Strikes out swinging
Bottom of the 5th over - 1 run, 1 hit, 0 errors, 2 left on base; Calgary 4 - Spokane 4
TOP OF THE 6TH
Calgary Cowboys batting - Pitching for Spokane Trappers : RHP Honorato Mota
Batting: RHB Todd Bryant 0-0: Foul Ball, location: 2F
0-1: Ball
1-1: Ball
2-1: Foul Ball, location: 2F
2-2: Ground out 6-3 (Groundball, 6)
Batting: RHB Ismael Ortíz 0-0: Ball
1-0: Ball
2-0: Fly out, F4 (Popup, 4)
Batting: RHB Pedro Cabrera 0-0: Ball
1-0: Foul Ball, location: 2F
1-1: Foul Ball, location: 2F
1-2: Strikes out swinging
Top of the 6th over - 0 runs, 0 hits, 0 errors, 0 left on base; Calgary 4 - Spokane 4
BOTTOM OF THE 6TH
Spokane Trappers batting - Pitching for Calgary Cowboys : RHP Mitsunari Jouda
Batting: RHB Juan Velásquez 0-0: Ball
1-0: Foul Ball, location: 2F
1-1: Foul Ball, location: 2F
1-2: Ball
2-2: Foul Ball, location: 2F
2-2: Foul Ball, location: 2F
2-2: Ball
3-2: Base on Balls
Batting: RHB Carlos García 0-0: Foul Ball, location: 2F
0-1: Ball
1-1: Foul Ball, location: 2F
1-2: Ball
2-2: Fly out, F7 (Flyball, 7)
Batting: RHB Alberto Velásquez 0-0: Ball
Juan Velásquez steals 2nd base
1-0: Foul Ball, location: 2F
1-1: Fly out, F4 (Line Drive, 4M)
Batting: LHB Lorenzo Flores 0-0: Ball
1-0: Ball
2-0: Ball
3-0: Foul Ball, location: 2F
3-1: Base on Balls
Batting: SHB Chris Bennis 0-0: Ball
1-0: Fly out, F6 (Line Drive, 6)
Bottom of the 6th over - 0 runs, 0 hits, 0 errors, 2 left on base; Calgary 4 - Spokane 4
TOP OF THE 7TH
Calgary Cowboys batting - Pitching for Spokane Trappers : RHP Honorato Mota
Pitching: RHP David Boyer
Batting: RHB Travis Colbert 0-0: Called Strike
0-1: Swinging Strike
0-2: Foul Ball, location: 2F
0-2: Ball
1-2: Ball
2-2: Strikes out swinging
Batting: RHB César Rodríguez 0-0: Swinging Strike
0-1: Ball
1-1: Ball
2-1: SINGLE (Groundball, 56D)
Batting: RHB Johnny Hawson 0-0: Ball
César Rodríguez steals 2nd base
1-0: Ground out 6-3 (Groundball, 6)
Batting: LHB José López 0-0: Ball
1-0: Ball
2-0: Ball
3-0: Base on Balls
Batting: RHB Joe Lewis 0-0: Ball
1-0: Ball
2-0: Called Strike
2-1: Swinging Strike
2-2: Fielders Choice at 2nd, 6-4 (Groundball, 6)
Top of the 7th over - 0 runs, 1 hit, 0 errors, 2 left on base; Calgary 4 - Spokane 4
BOTTOM OF THE 7TH
Spokane Trappers batting - Pitching for Calgary Cowboys : RHP Mitsunari Jouda
Batting: RHB Danny Crouch 0-0: Foul Ball, location: 2F
0-1: Swinging Strike
0-2: Foul Ball, location: 2F
0-2: Strikes out swinging
Pitching: LHP Alfredo Durán
Batting: LHB Harry Pitts 0-0: Called Strike
0-1: Ball
1-1: Ground out 4-3 (Groundball, 34D)
Pinch Hitting: RHB Orlando Bruno 0-0: Ball
1-0: Foul Ball, location: 2F
1-1: SINGLE (Line Drive, 7S)
Pitching: RHP José Ramos
Batting: RHB Mario Carranza 0-0: Foul Ball, location: 2F
0-1: Fielders Choice at 2nd, 5-4 (Groundball, 56)
Bottom of the 7th over - 0 runs, 1 hit, 0 errors, 1 left on base; Calgary 4 - Spokane 4
TOP OF THE 8TH
Calgary Cowboys batting - Pitching for Spokane Trappers : RHP David Boyer
Now at SS: Orlando Bruno
Batting: LHB Del Kennedy 0-0: Ground out 6-3 (Groundball, 6)
Batting: RHB Todd Bryant 0-0: Ball
1-0: Called Strike
1-1: Swinging Strike
1-2: SINGLE (Groundball, 3S) (infield hit)
Batting: RHB Ismael Ortíz 0-0: Ball
1-0: Called Strike
1-1: Ball
2-1: SINGLE (Groundball, 6MD)
Todd Bryant to second
Runner from 2nd tries for 3rd, OUT!
Batting: RHB Pedro Cabrera 0-0: Foul Ball, location: 2F
0-1: Fly out, F9 (Flyball, 9)
Top of the 8th over - 0 runs, 2 hits, 0 errors, 1 left on base; Calgary 4 - Spokane 4
BOTTOM OF THE 8TH
Spokane Trappers batting - Pitching for Calgary Cowboys : RHP José Ramos
Batting: RHB Juan Velásquez 0-0: DOUBLE (Line Drive, 78D)
Pinch Runner at 2nd Andrew Good:
Batting: RHB Carlos García 0-0: Intentional Walk
Batting: RHB Alberto Velásquez 0-0: Swinging Strike
0-1: Bunted foul
0-2: Foul Ball, location: 2F
0-2: Fly out, F4 (Line Drive, 4)
Batting: LHB Lorenzo Flores 0-0: Ball
1-0: Ball
2-0: Called Strike
2-1: Fly out, F7 (Flyball, 7)
Batting: SHB Chris Bennis 0-0: Ground out 4-3 (Groundball, 34)
Bottom of the 8th over - 0 runs, 1 hit, 0 errors, 2 left on base; Calgary 4 - Spokane 4
TOP OF THE 9TH
Calgary Cowboys batting - Pitching for Spokane Trappers : RHP David Boyer
Pitching: LHP Steve Paredes
Now in CF: Andrew Good
Batting: RHB Travis Colbert 0-0: SINGLE (Line Drive, 34)
Batting: RHB César Rodríguez 0-0: Reached on error, E6 (Groundball, 6D)
Travis Colbert to second
Batting: RHB Johnny Hawson 0-0: Ball
1-0: Swinging Strike
1-1: Ball
Wild Pitch!
Travis Colbert to third
César Rodríguez to second
2-1: Swinging Strike
2-2: Foul Ball, location: 2F
2-2: Ground out U3 (Groundball, 34S)
Batting: LHB José López 0-0: Ball
1-0: Ball
2-0: Ground out 4-3 (Groundball, 4MD)
Batting: RHB Joe Lewis 0-0: Ball
1-0: Ball
2-0: Ball
3-0: Called Strike
3-1: DOUBLE (Line Drive, 78D)
Travis Colbert scores
César Rodríguez scores
Batting: LHB Del Kennedy 0-0: Ball
1-0: Foul Ball, location: 2F
1-1: Fly out, F8 (Flyball, 8LM)
Top of the 9th over - 2 runs, 2 hits, 1 error, 1 left on base; Calgary 6 - Spokane 4
BOTTOM OF THE 9TH
Spokane Trappers batting - Pitching for Calgary Cowboys : RHP José Ramos
Pitching: RHP Esteban Castro
Batting: RHB Danny Crouch 0-0: Ball
1-0: Fly out, F9 (Flyball, 9D)
Batting: LHB Harry Pitts 0-0: Swinging Strike
0-1: Called Strike
0-2: Ball
1-2: Ground out 4-3 (Groundball, 4M)
Batting: RHB Orlando Bruno 0-0: Ball
1-0: Foul Ball, location: 2F
1-1: Ball
2-1: Ball
3-1: Foul Ball, location: 2F
3-2: Strikes out swinging
Bottom of the 9th over - 0 runs, 0 hits, 0 errors, 0 left on base; Calgary 6 - Spokane 4
Saturday, April 7th, 2018 - OOTP Baseball 18.8 Build 76